 Dungeon Crawl Stone Soup version 0.29.1-15-g9cfb28693d (webtiles) character file.

Game seed: 9109330231625875080

669 BuddhaDhamma the Cleaver (level 7, 0/57 HPs)
             Began as a Minotaur Berserker on Mar 15, 2023.
             Was a Priest of Trog.
             Killed from afar by Dowan (19 damage)
             ... with a shard of ice
             ... on level 4 of the Dungeon.
             The game lasted 00:06:12 (3158 turns).

BuddhaDhamma the Cleaver (Minotaur Berserker)       Turns: 3158, Time: 00:06:12

Health: 0/57       AC:  9    Str: 24    XL:     7   Next: 32%
Magic:  6/6        EV:  8    Int:  4    God:    Trog [***...]
Gold:   251        SH:  0    Dex:  9    Spells: 6/6 levels left

rFire   . . .      SeeInvis .   a - +0 hand axe
rCold   . . .      Faith    .   (no shield)
rNeg    . . .      Spirit   .   c - +0 chain mail
rPois   .          Reflect  .   (helmet restricted)
rElec   .          Harm     .   (no cloak)
rCorr   .          Rampage  .   k - +0 pair of gloves
Will    +....                   (no boots)
Stlth   ..........              (no amulet)
HPRegen 0.19/turn               g - ring of willpower
MPRegen 0.10/turn               (no ring)

@: on berserk cooldown, slowed, very slow
A: horns 2, retaliatory headbutt
a: Renounce Religion, Berserk, Trog's Hand


You were on level 4 of the Dungeon.
You worshipped Trog.
Trog was most pleased with you.
You visited 1 branch of the dungeon, and saw 4 of its levels.
You also visited: Sewer.

You collected 251 gold pieces.

Inventory:

Hand Weapons
 a - a +0 hand axe (weapon)
Missiles
 j - 9 poisoned darts (quivered)
Armour
 c - a +0 chain mail (worn)
 k - a +0 pair of gloves (worn)
Jewellery
 g - a ring of willpower (left hand)
Wands
 u - a wand of iceblast (8)
Scrolls
 f - a scroll of fog {unknown}
 i - 2 scrolls of amnesia
 m - 2 scrolls of magic mapping
 n - a scroll of fear
 s - a scroll of vulnerability {unknown}
 w - a scroll of blinking {unknown}
 x - a scroll of noise {unknown}
Potions
 b - a potion of lignification {unknown}
 d - 2 potions of curing
 e - 2 potions of degeneration
 h - a potion of flight {unknown}
 l - a potion of might
 q - a potion of brilliance {unknown}
 r - 2 potions of resistance {unknown}
 t - 3 potions of heal wounds
 v - a potion of cancellation {unknown}


   Skills:
 - Level 3.6 Fighting
 + Level 10.3 Axes
 - Level 2.4 Armour
 - Level 2.1 Dodging


You had 6 spell levels left.
You didn't know any spells.
Your spell library was empty.

Dungeon Overview and Level Annotations

Branches:
Dungeon (4/15)              Sewer (visited)
 Temple: D:4-7

Altars:
Gozag
Wu Jian
Xom

Annotations:
D:4 Dowan


Innate Abilities, Weirdness & Mutations

You have a pair of horns on your head.
You reflexively headbutt those who attack you in melee.


Message History

The orc wizard gestures wildly while chanting.
The orc wizard flickers and vanishes!
A magic dart appears from out of thin air!
The magic dart hits something.
Dowan hits you with a +0 dagger.
You completely miss something. Your headbutt misses something.
You barely miss Dowan. Dowan hits you with a +0 dagger.
You are no longer berserk.
You are exhausted.
You feel yourself slow down. Dowan hits you with a +0 dagger.
You hit Dowan but do no damage.
Dowan is moderately wounded.
You miss something. Dowan hits you but does no damage.
You hit Dowan.
Dowan is heavily wounded.
You barely miss something. Dowan hits you but does no damage.
Something hits you. Dowan barely misses you.
Something hits you but does no damage. Something hits you.
You closely miss Dowan.
Dowan is heavily wounded.
You hit something but do no damage. You closely miss something.
Dowan closely misses you. Dowan hits you with a +0 dagger.
Something hits you but does no damage. x2
You hit Dowan but do no damage.
Dowan is heavily wounded.
You closely miss something. x2
Dowan casts a spell.
Dowan blinks!
You hear some strange, mumbled words.
A magic dart appears from out of thin air!
The magic dart hits you. Something hits you.
Something hits you but does no damage. Dowan hits you but does no damage.
Something hits you but does no damage.
Dowan says, "Magic will overcome all!"
Dowan hits you with a +0 dagger.
You hit something. Your headbutt misses something.
You hit something but do no damage. You hit Dowan but do no damage.
Dowan barely misses you.
Something hits you but does no damage. x2
Dowan points at you and mumbles some strange words.
The shard of ice hits you!!
You die...

#..#
###.###.###
#.## #.# #.#
#.# ..# #.# #.#
.### #<# . #.#
.. ..# ...
##.## ## ###
.....####...#.#
......){.{e...#
....!####@..###
... ##.## . #.#
#.# #.# #.# ##


You could see Dowan (fast).

Vanquished Creatures
  Duvessa (D:4)
  Pargi (Sewer)
  A kobold brigand (D:4)
  2 orc priests
  2 iguanas
  Ijyb (D:3)
  4 orc wizards
  Robin (D:2)
  2 gnolls (D:4)
  5 adders
  3 worms (D:3)
  A dart slug (D:1)
  10 orcs (D:3)
  8 bats
  6 endoplasms
  4 giant cockroaches
  14 goblins
  3 hobgoblins
  2 quokkas (D:2)
  2 ball pythons
  3 frilled lizards
  5 kobolds
  8 rats
89 creatures vanquished.

Vanquished Creatures (others)
  A fungus (D:1)
1 creature vanquished.

Grand Total: 90 creatures vanquished

Notes
Turn   | Place    | Note
-------+----------+-------------------------------------------
     0 | D:1      | BuddhaDhamma the Minotaur Berserker began the quest for the
                  | Orb.
     0 | D:1      | Reached XP level 1. HP: 19/19 MP: 0/0
   115 | D:1      | Reached skill level 4 in Axes
   288 | D:1      | Reached XP level 2. HP: 26/26 MP: 1/1
   317 | D:1      | Found a faded altar of an unknown god.
   728 | D:2      | Noticed Robin
   739 | D:2      | Reached skill level 5 in Axes
   744 | D:2      | Reached XP level 3. HP: 23/31 MP: 2/2
   745 | D:2      | Reached ** piety under Trog
   748 | D:2      | Killed Robin
  1157 | D:2      | Reached skill level 6 in Axes
  1157 | D:2      | Reached XP level 4. HP: 39/39 MP: 3/3
  1247 | D:2      | You fall into a shaft and drop 1 floor!
  1352 | D:3      | Reached XP level 5. HP: 15/45 MP: 4/4
  1556 | D:3      | Found a glowing drain.
  1569 | Sewer    | Entered a sewer
  1598 | Sewer    | Noticed Pargi
  1605 | Sewer    | Killed Pargi
  1606 | Sewer    | Reached skill level 7 in Axes
  1696 | Sewer    | Reached skill level 8 in Axes
  1777 | D:3      | Reached XP level 6. HP: 30/51 MP: 5/5
  2272 | D:3      | Noticed Ijyb
  2273 | D:3      | Found an ornate altar of the Wu Jian Council.
  2281 | D:3      | Killed Ijyb
  2297 | D:3      | Found an opulent altar of Gozag.
  2298 | D:3      | Found a shimmering altar of Xom.
  2770 | D:4      | Reached skill level 9 in Axes
  2771 | D:4      | Reached *** piety under Trog
  2974 | D:4      | Reached XP level 7. HP: 35/57 MP: 6/6
  3125 | D:4      | Noticed Dowan
  3125 | D:4      | Noticed Duvessa
  3145 | D:4      | Killed Duvessa
  3146 | D:4      | Reached skill level 10 in Axes
  3158 | D:4      | Killed from afar by Dowan

Illustrated notes

Levels and vault maps discovered:
D:1:      zaba_arrival_water, layout_loops_ring,
          shapermc_ecumenical_altar_acropolis
D:2:      layout_rooms, uniq_robin
D:3:      layout_rooms, pdpol_wu_jian_five_deadly_venoms,
          grunt_temple_overflow_open, cheibrodos_sewer_entry_drain, uniq_ijyb
D:4:      layout_loops_ring, mainiacjoe_overflow_big_doors, uniq_duvessa

Skill      XL: |  1  2  3  4  5  6  7 |
---------------+----------------------+-----
Axes           | 4 5 6 8 9 10 | 10.3
Fighting       | |  3.6
Armour         | |  2.4
Dodging        | |  2.1

Action                   |  1- 3 |  4- 6 |  7- 9 || total
-------------------------+-------+-------+-------++-------
Melee: Hand axe          |    61 |   153 |    23 ||   237
       Headbutt          |     8 |    20 |     3 ||    31
       Punch             |     2 |     1 |       ||     3
Invok: Berserk           |     1 |     3 |     1 ||     5
  Use: Scroll            |       |     8 |       ||     8
Armor: Chain mail        |    38 |    74 |    11 ||   123
       Animal skin       |     1 |       |       ||     1
Dodge: Dodged            |    24 |    41 |     3 ||    68
